 Dungeon Crawl Stone Soup version 0.30.0-20-g3615ddf2f0 (webtiles) character file.

Game seed: 6620001934484449971

142 qw the Chopper (level 5, -1/32 HPs)
             Began as a Gargoyle Fighter on May 29, 2023.
             Slain by a steam dragon (3 damage)
             ... on level 4 of the Dungeon.
             The game lasted 00:01:00 (2544 turns).

qw the Chopper (Gargoyle Fighter)                   Turns: 2544, Time: 00:01:01

Health: -1/32      AC: 19    Str: 21    XL:     5   Next: 25%
Magic:  5/5        EV:  7    Int:  9    God:
Gold:   184        SH:  4    Dex:  9    Spells: 4/4 levels left

rFire   . . .        Y - +1 war axe
rCold   . . .        c - +0 buckler
rNeg    + . .        i - +0 chain mail
rPois   inf          a - +0 helmet
rElec   +            (no cloak)
rCorr   .            (no gloves)
SInv    .            e - +0 pair of boots
Will    .....        f - amulet of regeneration Stlth
                     g - +4 ring of protection
HPRegen 1.05/turn    (no ring)
MPRegen 0.09/turn

%: no passive effects
@: no status effects
A: sickness immunity, AC +4, negative energy resistance 1, electricity
resistance, torment resistance 1, petrification resistance
a: no special abilities


You were on level 4 of the Dungeon.
You visited 1 branch of the dungeon, and saw 4 of its levels.

You collected 184 gold pieces.


Innate Abilities, Weirdness & Mutations

You are immune to sickness and miasma.
Your stone body is resilient. (AC +4)
You are immune to poison.
You resist negative energy. (rN+)
You are resistant to electric shocks. (rElec)
You are resistant to unholy torment.
You are immune to petrification.


   Skills:
 - Level 3.2 Fighting
 + Level 4.8 Axes
 - Level 3.2 Armour
 - Level 3.2 Shields


You had 4 spell levels left.
You didn't know any spells.
Your spell library was empty.

Inventory:

Hand Weapons
 n - a +0 flail
 Y - a +1 war axe (weapon)
Armour
 a - a +0 helmet (worn)
 b - a +0 cloak
 c - a +0 buckler (worn)
 e - a +0 pair of boots (worn)
 i - a +0 chain mail (worn)
Jewellery
 f - an amulet of regeneration (around neck)
 g - a +4 ring of protection (left hand)
 l - the amulet of Elemental Vulnerability {rPois rF-- rC-- AC+8}
   (You found it on level 3 of the Dungeon)

   [amulet of nothing]

   AC:        It affects your AC (+8).
   rF:        It makes you very vulnerable to fire.
   rC:        It makes you very vulnerable to cold.
   rPois:     It protects you from poison.
Potions
 d - a potion of might
 h - a potion of attraction
 j - a potion of curing {unknown}
 k - a potion of invisibility {unknown}
 m - a potion of degeneration {unknown}
 o - a potion of haste {unknown}

Dungeon Overview and Level Annotations

Branches:
Dungeon (4/15)
 Temple: D:4-7

Altars:


Message History

Ouch! That really hurt!
The steam dragon bites you but does no damage.
The steam dragon claws you. The hobgoblin barely misses you.
The steam dragon bites you but does no damage.
The steam dragon claws you but does no damage.
You block the hobgoblin's attack.
You barely miss the steam dragon. You hit the hobgoblin but do no damage.
You are engulfed in a cloud of scalding steam.
The steam dragon barely misses you. The steam dragon completely misses you.
The hobgoblin closely misses you.
You slash the steam dragon!
The steam dragon is heavily wounded.
You hit the hobgoblin but do no damage.
You are engulfed in a cloud of scalding steam.
The steam dragon completely misses you. The steam dragon claws you.
You block the hobgoblin's attack.
You barely miss the steam dragon.
The steam dragon is heavily wounded.
You barely miss the hobgoblin. You block the steam dragon's attack. x2
The hobgoblin hits you but does no damage.
The steam dragon bites you but does no damage.
The steam dragon claws you.
The hobgoblin hits you but does no damage.
You barely miss the steam dragon.
The steam dragon is heavily wounded.
You barely miss the hobgoblin. The steam dragon bites you.
The steam dragon barely misses you.
The hobgoblin hits you but does no damage.
You closely miss the steam dragon.
The steam dragon is heavily wounded.
You slash the hobgoblin!
You kill the hobgoblin!
The steam dragon breathes steam at you. The ball of steam hits you.
You hit the steam dragon.
The steam dragon is heavily wounded.
You are engulfed in a cloud of scalding steam.
The steam dragon bites you.
You die...

#. #. #. #.
.#####.###
.........#
.......D.#
#%@.# ###
#.¤.## #.#
#.¤..####..#
#.#
####.<.......#
#.#
........######
#.. ######...#
##. ......%..#
#. .#####.#.#
#. #.#.# #.


You could see a steam dragon (catching breath).

Vanquished Creatures
  2 orc wizards (D:3)
  An iguana (D:4)
  3 worms
  A dart slug (D:2)
  4 orcs (D:3)
  10 ball pythons
  3 bats
  8 endoplasms
  6 goblins
  7 hobgoblins
  A kobold (D:3)
  A quokka (D:1)
  4 frilled lizards
51 creatures vanquished.

Notes
Turn   | Place    | Note
-------+----------+-------------------------------------------
     0 | D:1      | qw the Gargoyle Fighter began the quest for the Orb.
     0 | D:1      | Reached XP level 1. HP: 14/14 MP: 1/1
     0 | D:1      | Noticed a minotaur skeleton
     0 | D:1      | 0 ||| qw: Version: 0.2-a-101-gf424e7f
     0 | D:1      | 0 ||| qw: Game counter: 344
     0 | D:1      | 0 ||| qw: Always use a shield: true
     0 | D:1      | 0 ||| qw: God list: Okawaru
     0 | D:1      | 0 ||| qw: Allow faded altars: false
     0 | D:1      | 0 ||| qw: Do Orc after D:15 true
     0 | D:1      | 0 ||| qw: Do second Lair branch before Depths: true
     0 | D:1      | 0 ||| qw: Lair rune preference: random
     0 | D:1      | 0 ||| qw: Plans: Normal, Zot:1-4, Slime:5, God:TSO, Crypt,
                  | Tomb, Pan, Hells, Abyss, Win
     0 | D:1      | 0 ||| PLANNING D:1-11
     5 | D:1      | Noticed a minotaur skeleton
     6 | D:1      | Noticed a minotaur skeleton
   306 | D:1      | Reached skill level 2 in Axes
   511 | D:1      | Reached XP level 2. HP: 19/19 MP: 2/2
   542 | D:1      | 542 ||| Stepping ~*~*~tactically~*~*~ (stealth).
   885 | D:1      | 885 ||| UPGRADING to +0 pair of boots.
   890 | D:1      | 890 ||| UPGRADING to +0 chain mail.
   900 | D:1      | 900 ||| DROPPING +0 scale mail.
   901 | D:1      | 901 ||| UPGRADING to +4 ring of protection.
   902 | D:1      | 902 ||| READING scroll labelled ZYGIUT HUCVIG.
   903 | D:1      | 903 ||| READING 2 scrolls labelled VIWKOY FUEST.
   904 | D:1      | 904 ||| DROPPING scroll of fog.
  1072 | D:2      | Reached skill level 3 in Axes
  1132 | D:2      | Reached XP level 3. HP: 14/23 MP: 3/3
  1177 | D:2      | 1177 ||| Stepping ~*~*~tactically~*~*~ (stealth).
  1301 | D:2      | 1301 ||| Stepping ~*~*~tactically~*~*~ (stealth).
  1306 | D:2      | 1306 ||| Stepping ~*~*~tactically~*~*~ (hiding).
  1888 | D:2      | 1888 ||| UPGRADING to +0 helmet.
  1893 | D:2      | 1893 ||| READING 2 scrolls labelled UCVOJA VOXKINI TEN.
  1894 | D:2      | 1894 ||| READING scroll labelled EPSOCY BUVY.
  1899 | D:2      | 1899 ||| READING scroll labelled SUALULL GIKI.
  1900 | D:2      | 1900 ||| READING scroll labelled IPOMOI JOOKHON.
  1901 | D:2      | 1901 ||| DRINKING 2 emerald potions.
  1902 | D:2      | 1902 ||| DROPPING scroll of vulnerability.
  1982 | D:3      | Found the amulet of Elemental Vulnerability {rPois rF--
                  | rC-- AC+8}
  2015 | D:3      | 2015 ||| DROPPING +1 hand axe of freezing.
  2023 | D:3      | 2023 ||| UPGRADING to amulet of Elemental Vulnerability
                  | {rPois rF-- rC-- AC+8}.
  2036 | D:3      | 2036 ||| READING scroll labelled FEOSMO NUUTO.
  2037 | D:3      | 2037 ||| READING scroll labelled ZEOTHRO GESON.
  2045 | D:3      | Reached skill level 4 in Axes
  2045 | D:3      | Reached XP level 4. HP: 28/28 MP: 4/4
  2067 | D:3      | 2067 ||| DROPPING +0 club.
  2148 | D:3      | 2148 ||| DROPPING +0 mace of draining.
  2319 | D:3      | Reached XP level 5. HP: 32/32 MP: 5/5
  2418 | D:3      | 2418 ||| UPGRADING to amulet of regeneration.
  2534 | D:4      | Noticed a steam dragon
  2538 | D:4      | HP: 8/32 [steam dragon] (20)]
  2543 | D:4      | HP: 4/32 [steam dragon/ball of steam (3)]
  2544 | D:4      | HP: 1/32 [steam dragon] (3)]
  2544 | D:4      | Slain by a steam dragon

Levels and vault maps discovered:
D:1:      shiori_arrival_whats_in_store_for_you, layout_basic
D:2:      layout_basic, minmay_tromino_mix6
D:3:      layout_basic, nicolae_concentric_dashed_squares_mild
D:4:      layout_loops_ring, nzn_wu_jian_contemplation, uniq_blork_the_orc

Skill      XL: |  1  2  3 |
---------------+----------+-----
Axes           | 2 3 4 |  4.8
Fighting       | |  3.2
Armour         | |  3.2
Shields        | |  3.2

Action                     |  1- 3 |  4- 6 || total
---------------------------+-------+-------++-------
  Melee: War axe           |    72 |    51 ||   123
    Use: Scroll            |     8 |       ||     8
         Potion            |     1 |       ||     1
 Armour: Scale mail        |     6 |       ||     6
         Chain mail        |    13 |    37 ||    50
  Dodge: Dodged            |    37 |    21 ||    58
  Block: Buckler           |     6 |    10 ||    16

Table legend:
 A = Non-vault XP
 B = Vault XP
 C = Vault XP percentage of total XP
 D = Non-vault monster count
 E = Vault monster count
 F = Vault count percentage of total count
                 A         B        C        D         E       F
            +---------+---------+-------+---------+---------+-------
      Total |     198 |       6 |   2.9 |      47 |       4 |   7.8
            +---------+---------+-------+---------+---------+-------
        D:1 |      21 |       0 |   0.0 |      11 |       0 |   0.0
        D:2 |      38 |       6 |  13.6 |      16 |       4 |  20.0
        D:3 |     102 |       0 |   0.0 |      17 |       0 |   0.0
        D:4 |      37 |       0 |   0.0 |       3 |       0 |   0.0
            +---------+---------+-------+---------+---------+-------
